[Event "29. Klatovy A 2023"]
[Site "Klatovy"]
[Date "2023.07.09"]
[Round "9.8"]
[White "Skypala, Ondrej"]
[Black "Novotny, David"]
[Result "1/2-1/2"]
[ECO "A21"]
[WhiteElo "2163"]
[BlackElo "2034"]
[PlyCount "42"]
[EventDate "2023.07.01"]
[EventType "swiss"]
[EventRounds "9"]
[EventCountry "CZE"]
[TimeControl "120+30"]

1. c4 f5 2. Nc3 Nf6 3. g3 d6 4. Bg2 e5 5. d4 Be7 6. dxe5 dxe5 7. Qxd8+ Bxd8 8. e4 Nc6 9. Nge2 Nb4 10. O-O Nd3 11. exf5 c6 12. Ne4 O-O 13. Nd6 Ng4 14. h3 Ngxf2 15. Be3 Bxf5 16. c5 Nxh3+ 17. Kh2 Nhf2 18. Nxf5 Rxf5 19. Kg1 Be7 20. Rxf2 Nxf2 21. Bxf2 Bg5 1/2-1/2

[Event "29. Klatovy A 2023"]
[Site "Klatovy"]
[Date "2023.07.09"]
[Round "9.9"]
[White "Folk, Petr"]
[Black "Filindash, Nikita"]
[Result "1/2-1/2"]
[ECO "B92"]
[WhiteElo "2135"]
[BlackElo "2011"]
[PlyCount "91"]
[EventDate "2023.07.01"]
[EventType "swiss"]
[EventRounds "9"]
[EventCountry "CZE"]
[TimeControl "120+30"]

1. e4 c5 2. Nf3 d6 3. d4 cxd4 4. Nxd4 Nf6 5. Nc3 a6 6. Be2 e5 7. Nb3 Be7 8. O-O O-O 9. Kh1 b5 10. a4 b4 11. Nd5 a5 12. Be3 Nbd7 13. f3 Bb7 14. c4 bxc3 15. bxc3 Nxd5 16. exd5 Qc7 17. c4 Ba6 18. Qd2 Bb7 19. Rab1 Rfb8 20. Rfd1 Bd8 21. c5 Nxc5 22. Nxc5 dxc5 23. d6 Qd7 24. Bb5 Bc6 25. Qd3 Bxb5 26. axb5 Bb6 27. Qc4 Rc8 28. Qe4 a4 29. Ra1 Qxb5 30. Rab1 Qa5 31. d7 Rd8 32. Qc6 Rab8 33. Rb5 Qa7 34. Bxc5 Bxc5 35. Rxb8 Qxb8 36. Qxc5 a3 37. h3 Qa8 38. Qxe5 a2 39. Re1 h6 40. Qe8+ Kh7 41. Qe5 Rxd7 42. Qf5+ Kg8 43. Qxd7 a1=Q 44. Rxa1 Qxa1+ 45. Kh2 Qe5+ 46. Kg1 1/2-1/2

[Event "29. Klatovy A 2023"]
[Site "Klatovy"]
[Date "2023.07.09"]
[Round "9.10"]
[White "Ret, Adam Josef"]
[Black "Flajsman, Petr"]
[Result "1/2-1/2"]
[ECO "A40"]
[WhiteElo "2133"]
[BlackElo "1956"]
[PlyCount "85"]
[EventDate "2023.07.01"]
[EventType "swiss"]
[EventRounds "9"]
[EventCountry "CZE"]
[TimeControl "120+30"]

1. Nf3 b5 2. e3 a6 3. d4 Bb7 4. Be2 Nf6 5. O-O e6 6. b3 Be7 7. c4 bxc4 8. bxc4 c5 9. Nc3 cxd4 10. exd4 Qc7 11. Rb1 Ne4 12. Nxe4 Bxe4 13. Bd3 Bc6 14. Ne5 d6 15. Nxc6 Nxc6 16. Be4 O-O 17. d5 exd5 18. cxd5 Ne5 19. Be3 Qc4 20. Qc2 Qxc2 21. Bxc2 Rfb8 22. Rxb8+ Rxb8 23. Rb1 Rxb1+ 24. Bxb1 g5 25. Bb6 Nd7 26. Bc7 Nf6 27. Bd3 Nxd5 28. Ba5 Kg7 29. Bc4 Nf4 30. Bxa6 Kf6 31. a4 Ke6 32. Bb5 Nd5 33. Bc6 Bf6 34. Bd2 h6 35. a5 Bd4 36. a6 Nc7 37. Bb7 Ba7 38. Be3 Nb5 39. Bxa7 Nxa7 40. Kf1 Ke5 41. Ke2 Kd4 42. Kd2 d5 43. h3 1/2-1/2

[Event "29. Klatovy A 2023"]
[Site "Klatovy"]
[Date "2023.07.09"]
[Round "9.11"]
[White "Mametev, Artem"]
[Black "Pecka, Jan"]
[Result "1-0"]
[ECO "B33"]
[WhiteElo "1991"]
[BlackElo "2054"]
[PlyCount "57"]
[EventDate "2023.07.01"]
[EventType "swiss"]
[EventRounds "9"]
[EventCountry "CZE"]
[TimeControl "120+30"]

1. e4 c5 2. Nf3 Nc6 3. d4 cxd4 4. Nxd4 Nf6 5. Nc3 e5 6. Ndb5 d6 7. Bg5 a6 8. Na3 b5 9. Nd5 Be7 10. Bxf6 Bxf6 11. c4 b4 12. Nc2 a5 13. Qf3 Bg5 14. h4 Bh6 15. g4 Bf4 16. Nxf4 exf4 17. Qxf4 O-O 18. Be2 Be6 19. Rd1 Ne5 20. Ne3 b3 21. axb3 Rb8 22. c5 Bxb3 23. Rxd6 Qe8 24. h5 h6 25. g5 hxg5 26. Qxg5 f6 27. Qg3 Kh8 28. Nf5 Rg8 29. Qg6 1-0

[Event "29. Klatovy A 2023"]
[Site "Klatovy"]
[Date "2023.07.09"]
[Round "9.12"]
[White "Hladky, Tadeas"]
[Black "Honcharov, Makar"]
[Result "1-0"]
[ECO "B51"]
[WhiteElo "2046"]
[BlackElo "1696"]
[PlyCount "75"]
[EventDate "2023.07.01"]
[EventType "swiss"]
[EventRounds "9"]
[EventCountry "CZE"]
[TimeControl "120+30"]

1. e4 c5 2. Nf3 d6 3. Bb5+ Nd7 4. d4 cxd4 5. Qxd4 a6 6. Bxd7+ Bxd7 7. O-O e5 8. Qd3 h6 9. c4 Nf6 10. Nc3 Be7 11. b3 Qb8 12. a4 O-O 13. Ba3 b5 14. Nxe5 b4 15. Nxd7 Nxd7 16. Nd5 Ne5 17. Nxe7+ Kh7 18. Qc2 bxa3 19. Nd5 Qa7 20. Rxa3 Qc5 21. Raa1 a5 22. Rad1 Rab8 23. Nc3 Rb7 24. Rd5 Qb4 25. Nb5 Ng6 26. Rfd1 Rb6 27. g3 Ne5 28. Kg2 g6 29. Rxd6 Rxd6 30. Rxd6 f5 31. Qc3 Qxc3 32. Nxc3 fxe4 33. Nxe4 Rb8 34. Rd5 Nc6 35. Rd7+ Kg8 36. Nf6+ Kf8 37. Rc7 Ne5 38. f4 1-0

[Event "29. Klatovy A 2023"]
[Site "Klatovy"]
[Date "2023.07.09"]
[Round "9.13"]
[White "Kishore, Kumar Jaganathan"]
[Black "Kopta, Pavel"]
[Result "1/2-1/2"]
[ECO "A30"]
[WhiteElo "1860"]
[BlackElo "2209"]
[PlyCount "20"]
[EventDate "2023.07.01"]
[EventType "swiss"]
[EventRounds "9"]
[EventCountry "CZE"]
[TimeControl "120+30"]

1. Nf3 Nf6 2. c4 e6 3. g3 c5 4. Bg2 Qc7 5. O-O Be7 6. b3 O-O 7. Bb2 d6 8. d4 cxd4 9. Nxd4 a6 10. Nc3 Nc6 1/2-1/2

[Event "29. Klatovy A 2023"]
[Site "Klatovy"]
[Date "2023.07.09"]
[Round "9.14"]
[White "Holy, Filip"]
[Black "Polak, Michal 2002"]
[Result "1/2-1/2"]
[ECO "C47"]
[WhiteElo "2129"]
[BlackElo "1959"]
[PlyCount "51"]
[EventDate "2023.07.01"]
[EventType "swiss"]
[EventRounds "9"]
[EventCountry "CZE"]
[TimeControl "120+30"]

1. e4 e5 2. Nf3 Nc6 3. Nc3 Nf6 4. d4 exd4 5. Nxd4 Bb4 6. Nxc6 bxc6 7. Bd3 d5 8. exd5 cxd5 9. O-O O-O 10. h3 Re8 11. Bf4 Bd6 12. Qf3 c6 13. Rfe1 Be6 14. Ne2 Qc7 15. c3 Rab8 16. b4 Nd7 17. Bxd6 Qxd6 18. Nf4 d4 19. cxd4 Rxb4 20. Rxe6 Rxe6 21. Nxe6 Qxe6 22. Bf5 Qd6 23. Bxd7 Qxd7 24. Rc1 Rxd4 25. Qxc6 g6 26. Qxd7 1/2-1/2

[Event "29. Klatovy A 2023"]
[Site "Klatovy"]
[Date "2023.07.09"]
[Round "9.15"]
[White "Palek, Miroslav"]
[Black "Vana, Jan 2010"]
[Result "0-1"]
[ECO "B31"]
[WhiteElo "2091"]
[BlackElo "1890"]
[PlyCount "85"]
[EventDate "2023.07.01"]
[EventType "swiss"]
[EventRounds "9"]
[EventCountry "CZE"]
[TimeControl "120+30"]

1. e4 c5 2. Nf3 Nc6 3. Bb5 g6 4. O-O Bg7 5. c3 e5 6. d3 Nge7 7. Be3 d6 8. d4 exd4 9. cxd4 Qb6 10. Na3 O-O 11. dxc5 dxc5 12. Qc1 Nd4 13. Nxd4 cxd4 14. Bd2 Be6 15. Bb4 Rfc8 16. Qd2 Nc6 17. Bxc6 bxc6 18. Ba5 Qa6 19. f4 f5 20. e5 Bf8 21. Nc2 c5 22. b3 Rab8 23. Qe1 Bd5 24. Kh1 Rb5 25. Bd2 Be4 26. Qc1 Qb7 27. Rf2 c4 28. Nxd4 cxb3 29. Qb2 Rc2 30. Nxc2 bxc2 31. Qc3 Rb1+ 32. Bc1 Ba3 33. Rxc2 Qb5 34. Rf2 Qa4 35. Rf1 Rxa1 36. Qxa1 Qc2 37. Rg1 Bxc1 38. Qd4 Ba3 39. Qd8+ Bf8 40. e6 Qc5 41. Rd1 Bc6 42. Qd3 Qf2 43. Qf1 0-1

[Event "29. Klatovy A 2023"]
[Site "Klatovy"]
[Date "2023.07.09"]
[Round "9.16"]
[White "Kroulik, Vaclav"]
[Black "Pycha, Patrik"]
[Result "0-1"]
[ECO "C08"]
[WhiteElo "1750"]
[BlackElo "2058"]
[PlyCount "64"]
[EventDate "2023.07.01"]
[EventType "swiss"]
[EventRounds "9"]
[EventCountry "CZE"]
[TimeControl "120+30"]

1. e4 e6 2. d4 d5 3. Nd2 c5 4. exd5 exd5 5. Ngf3 a6 6. Be2 Nf6 7. O-O Be7 8. dxc5 Bxc5 9. Nb3 Bb6 10. c3 O-O 11. h3 Qd6 12. Nbd4 Nc6 13. Be3 Bc7 14. Nxc6 bxc6 15. Rc1 Bf5 16. c4 Rfe8 17. cxd5 Nxd5 18. Qa4 Nxe3 19. fxe3 Be4 20. Rcd1 Qh6 21. Bc4 Qxe3+ 22. Kh1 Re7 23. Rde1 Qf4 24. Bxf7+ Kh8 25. Bb3 Rae8 26. Rd1 Qg3 27. Rd2 Bxf3 28. gxf3 Qxh3+ 29. Kg1 Bb6+ 30. Rdf2 Qg3+ 31. Kh1 Bxf2 32. Qg4 Qxg4 0-1

[Event "29. Klatovy A 2023"]
[Site "Klatovy"]
[Date "2023.07.09"]
[Round "9.17"]
[White "Folkova, Martina"]
[Black "Zhang, Brian"]
[Result "1-0"]
[ECO "B92"]
[WhiteElo "2049"]
[BlackElo "1821"]
[PlyCount "95"]
[EventDate "2023.07.01"]
[EventType "swiss"]
[EventRounds "9"]
[EventCountry "CZE"]
[TimeControl "120+30"]

1. e4 c5 2. Nf3 d6 3. d4 cxd4 4. Nxd4 Nf6 5. Nc3 a6 6. Be2 e5 7. Nb3 Be7 8. Be3 Be6 9. O-O O-O 10. Qd3 Nbd7 11. Nd5 Bxd5 12. exd5 Ne8 13. c4 Nc5 14. Nxc5 dxc5 15. f4 exf4 16. Rxf4 Bg5 17. Rf3 Bxe3+ 18. Qxe3 Qd6 19. Raf1 Nc7 20. Bd3 Rae8 21. Qf2 Re7 22. Rh3 g6 23. Qh4 f6 24. Rhf3 Ne8 25. Qh6 Qe5 26. h4 Ng7 27. b3 Qd4+ 28. Kh1 Nh5 29. g3 Qe5 30. Kg2 Ng7 31. Qd2 Qd4 32. Rf4 Qe5 33. Qf2 Nh5 34. Rf3 Qd4 35. Qxd4 cxd4 36. g4 Ng7 37. Rxf6 Rfe8 38. R6f4 Re3 39. Rxd4 Rd8 40. Rff4 Re1 41. Rde4 Ra1 42. Re2 Ne8 43. c5 Nc7 44. d6 Ne8 45. Bc4+ Kg7 46. Re7+ Kh6 47. g5+ Kh5 48. Rxh7# 1-0

[Event "29. Klatovy A 2023"]
[Site "Klatovy"]
[Date "2023.07.09"]
[Round "9.18"]
[White "Martirosyan, David"]
[Black "Mik, Tomas"]
[Result "0-1"]
[ECO "A39"]
[WhiteElo "1908"]
[BlackElo "1940"]
[PlyCount "116"]
[EventDate "2023.07.01"]
[EventType "swiss"]
[EventRounds "9"]
[EventCountry "CZE"]
[TimeControl "120+30"]

1. Nf3 Nf6 2. c4 g6 3. d4 c5 4. Nc3 Bg7 5. g3 O-O 6. Bg2 cxd4 7. Nxd4 Nc6 8. O-O a6 9. c5 Qc7 10. Qa4 Rd8 11. e3 Rb8 12. Rd1 e5 13. Nb3 d6 14. h3 Be6 15. cxd6 Rxd6 16. Nc5 Rxd1+ 17. Qxd1 Rd8 18. Qa4 Bc8 19. b4 b5 20. Qa3 Qb6 21. Bb2 Bf8 22. Rc1 Nxb4 23. Qxb4 Bxc5 24. Qh4 Rd2 25. Ba1 Bd7 26. Qg5 Bf5 27. g4 h6 28. Qxh6 Bxg4 29. Ne4 Bf8 30. Qh4 Nxe4 31. Bxe4 Be6 32. Bxe5 Bg7 33. Rc6 Qa7 34. Rc7 Rd1+ 35. Kg2 Qb6 36. Rc6 Qa7 37. Bxg7 Kxg7 38. Qf4 Qd7 39. Qe5+ Kh7 40. Qh5+ Kg7 41. Qe5+ Kh7 42. Rc7 Qd6 43. Qh5+ Kg8 44. Qf3 Qxc7 45. Qxd1 Bxa2 46. Qa1 Qc4 47. Qe5 Qe6 48. Qb8+ Kg7 49. Qa8 Bc4 50. Bb7 b4 51. Qa7 Bd5+ 52. Bxd5 Qxd5+ 53. f3 a5 54. e4 Qd2+ 55. Kg3 b3 56. Qe7 Qd4 57. e5 Qb6 58. Qd6 Qxd6 0-1